 Dungeon Crawl Stone Soup version 0.30-a0-459-g9104f0fc43 (webtiles) character file.

Game seed: 5666668118163865076

389 zero the Magician (level 6, 0/32 HPs)
             Began as a Gargoyle Earth Elementalist on Dec 15, 2022.
             Killed by a reflected stone arrow
             ... reflected by a hobgoblin
             ... on level 4 of the Dungeon.
             The game lasted 00:02:41 (3692 turns).

zero the Magician (Gargoyle Earth Elementalist)     Turns: 3692, Time: 00:02:41

Health: 0/32       AC:  6    Str: 11    XL:     6   Next: 79%
Magic:  19/22      EV: 11    Int: 18    God:
Gold:   177        SH:  0    Dex: 10    Spells: 11/15 levels left

rFire   . . .      SeeInvis .    o - +0 flail (vorpal)
rCold   . . .      Faith    .    (no shield)
rNeg    + . .      Spirit   .    a - +0 robe
rPois   ∞          Reflect  .    (no helmet)
rElec   +          Harm     .    (no cloak)
rCorr   .          Rampage  .    (no gloves)
Will    .....                    (no boots)
Stlth   ++........               (no amulet)
HPRegen 0.25/turn                d - ring of flight
MPRegen 0.18/turn                f - ring of magical power

@: flying
A: sickness immunity, AC +4, negative energy resistance 1, electricity
resistance, torment resistance 1, petrification resistance
a: no special abilities


You were on level 4 of the Dungeon.
You visited 1 branch of the dungeon, and saw 4 of its levels.

You collected 177 gold pieces.

Inventory:

Hand Weapons
 o - a +0 vorpal flail (weapon)
Armour
 a - a +0 robe (worn)
Jewellery
 d - a ring of flight (left hand)
 f - a ring of magical power (right hand)
Wands
 p - a wand of polymorph (5)
Scrolls
 e - a scroll of acquirement {unknown}
 g - 4 scrolls of identify {unknown}
 i - a scroll of blinking {unknown}
 j - a scroll of vulnerability {unknown}
 m - a scroll of noise {unknown}
 q - a scroll of fog {unknown}
 r - a scroll of teleportation {unknown}
Potions
 b - 2 potions of magic
 c - a potion of invisibility {unknown}
 h - a potion of lignification {unknown}
 k - 2 potions of haste {unknown}
 l - a potion of heal wounds {unknown}
 n - 2 potions of curing {unknown}


   Skills:
 - Level 1.5 Dodging
 - Level 2.1 Stealth
 + Level 5.2 Spellcasting
 + Level 3.9 Conjurations
 - Level 0.7 Transmutations
 - Level 4.0 Earth Magic


You had 11 spell levels left.
You knew the following spells:

 Your Spells              Type           Power      Damage    Failure   Level
a - Sandblast             Erth           38%        2d10      2%          1
b - Stone Arrow           Conj/Erth      38%        3d9       8%          3

Your spell library contained the following spells:

 Spells                   Type           Power      Damage    Failure   Level
 Passwall                 Tmut/Erth      10%        N/A       8%          2
 Ensorcelled Hibernation  Hex/Ice        8%         N/A       21%         2
 Swiftness                Air            4%         N/A       36%         3
 Petrify                  Tmut/Erth      13%        N/A       43%         4


Dungeon Overview and Level Annotations

Branches:
Dungeon (4/15)             Temple (0/1) D:4

Altars:

Shops:
D:2 (

Annotations:
D:3 3 runed translucent doors, Verendum's ghost, weakling OpTm


Innate Abilities, Weirdness & Mutations

You are immune to sickness and miasma.
Your stone body is resilient. (AC +4)
You are immune to poison.
You resist negative energy. (rN+)
You are resistant to electric shocks. (rElec)
You are resistant to unholy torment.
You are immune to petrification.


Message History

Failed to move towards target.
The blast of sand hits the bat!
You kill the bat!
No target in view!
You are caught in the web!
There is a web here.
You disentangle yourself.
You are caught in the web!
Found a long sword.
There is a web here.
You see here a bat corpse.
You can't see any susceptible monsters within range! (Use Z to cast anyway.)
You are caught in a web!
You disentangle yourself.
You see here a -1 mace.
You see here a -3 mace of protection.
No target in view!
Key pressed, stopping explore.
You can't see any susceptible monsters within range! (Use Z to cast anyway.) No target in view!
You see here a bat corpse.
You are caught in the web!
There is a web here.
You struggle to detach yourself from the web.
You disentangle yourself.
A hobgoblin comes into view.
It is wielding the +7 Singing Sword {vorpal, sonic wave}.
The hobgoblin shouts!
A hobgoblin is nearby!
The hobgoblin hits you with the +7 Singing Sword {vorpal, sonic wave}!
You are too injured to fight recklessly!
You are too injured to fight recklessly!
A hobgoblin is nearby!
Casting: Sandblast (safe; 2% risk of failure)
Confirm with . or Enter, or press ? or * to list all spells.
Aiming: Stone Arrow (quite dangerous; 8% risk of failure)
Press: ? - help, Shift-Dir - straight line, f - hobgoblin
Aim: a hobgoblin, wielding the +7 Singing Sword {vorpal, sonic wave} and wearing an amulet of reflection (reflecting blocked projectiles, 68% to hit)
The stone arrow reflects off an invisible shield around the hobgoblin!
The stone arrow hits you!
Ouch! That really hurt!
You die...

..[..........................# #.#
...#................#############.#
...#.##############.#.............#
..................#)#.#############
....................#.#........# #
...#.############.).#.###.####.# #
...#.# #.#.#.#........# #
####.############g#.#.#........# #
...........##....@..#.#).....(.# #
...#######....###.#...).>......# #
.#######^#######..#.#.....###### #
.# #..#.# #..#.........# # .#
##^..## #.####.#.#...# #
.########.####.#....#.....# #
...##..)#..##^##.#.#####..#########
.#.####.##.#^.##...................
.#.##)..#.^†.####..#####..#########


You could see a hobgoblin (reflecting).

Vanquished Creatures
  A hound (D:4)
  A gnoll bouda (D:4)
  2 orc wizards (D:4)
  11 gnolls
  8 adders
  2 worms
  3 dart slugs
  6 orcs
  6 endoplasms
  5 giant cockroaches
  2 goblins
  6 hobgoblins
  4 jackals (D:2)
  3 quokkas
  11 ball pythons
  16 bats
  2 frilled lizards
  2 kobolds (D:2)
  4 rats
95 creatures vanquished.

Vanquished Creatures (others)
  7 fungi (D:4)
  3 plants (D:4)
10 creatures vanquished.

Grand Total: 105 creatures vanquished

Notes
Turn   | Place    | Note
-------+----------+-------------------------------------------
     0 | D:1      | zero the Gargoyle Earth Elementalist began the quest for
                  | the Orb.
     0 | D:1      | Reached XP level 1. HP: 10/10 MP: 3/3
   527 | D:1      | Reached XP level 2. HP: 15/15 MP: 5/5
   864 | D:2      | Reached skill level 3 in Spellcasting
   927 | D:2      | Reached XP level 3. HP: 12/19 MP: 7/7
  1014 | D:2      | Found a faded altar of an unknown god.
  1194 | D:2      | Found Ycuurcha's Antique Weapon Emporium.
  1587 | D:2      | Reached XP level 4. HP: 24/24 MP: 9/9
  1591 | D:2      | Learned a level 3 spell: Stone Arrow
  1746 | D:2      | Reached skill level 4 in Spellcasting
  1902 | D:3      | Reached skill level 1 in Conjurations
  2099 | D:3      | Reached XP level 5. HP: 28/28 MP: 11/11
  2168 | D:3      | Identified the +1 ring mail of Responsibility {Str+2}
  2488 | D:3      | Found a runed translucent gate.
  2488 | D:3      | Found a runed translucent gate.
  2488 | D:3      | Found a runed translucent gate.
  2491 | D:3      | Noticed Verendum's ghost (weakling OpTm)
  2827 | D:4      | Reached XP level 6. HP: 32/32 MP: 13/13
  2894 | D:4      | Reached skill level 5 in Spellcasting
  3361 | D:4      | Found a staircase to the Ecumenical Temple.
  3692 | D:4      | Killed by a reflected stone arrow
                  | ... reflected by a hobgoblin

Illustrated notes

Levels and vault maps discovered:
D:1:      dpeg_arrival_leaves_temple_mockup, layout_basic
D:2:      minmay_chambers_of_twos, layout_basic, serial_shops, shop,
          chequers_ecumenical_altar_island
D:3:      layout_loops_ring, biasface_ghost_orc_armoury,
          chequers_serial_rivers_micro_c
D:4:      old_forge, layout_basic, temple_statues, chequers_ossuary_entry_cave

Skill      XL: |  1  2  3  4  5  6 |
---------------+-------------------+-----
Spellcasting   | 3 4 5 |  5.2
Conjurations   | 1 3 |  3.9
Earth Magic    | 4 |  4.0
Dodging        | |  1.5
Stealth        | |  2.1
Transmutations | |  0.7

Action                   |  1- 3 |  4- 6 || total
-------------------------+-------+-------++-------
Melee: Dagger            |    15 |    11 ||    26
       Flail             |       |    48 ||    48
 Cast: Sandblast         |    40 |    75 ||   115
       Stone Arrow       |       |     7 ||     7
 Stab: Sleeping          |     2 |       ||     2
Armor: Robe              |    13 |    58 ||    71
Dodge: Dodged            |    17 |    74 ||    91

Table legend: (Time is in decaauts)
 A = Elapsed time spent in this place.
 B = Non-inter-level travel time spent in this place.
 C = Inter-level travel time spent in this place.
 D = Time resting spent in this place.
 E = Time spent auto-exploring this place.
 F = Levels seen in this place.
 G = Mean time per level.
                   A        B        C        D        E       F      G
               +--------+--------+--------+--------+--------+-----+--------+
         Total |   3765 |   3716 |     49 |    227 |   2879 |   4 |  941.2 |
       Dungeon |   3765 |   3716 |     49 |    227 |   2879 |   4 |  941.2 |
               +--------+--------+--------+--------+--------+-----+--------+

Top non-repeatable levels by time:
     D:4: 1203 daAuts
     D:2: 1055 daAuts
     D:1: 860 daAuts
     D:3: 646 daAuts
